 Dungeon Crawl Stone Soup version 0.28-a0-265-g048bc9fd10 (webtiles) character file.

Game seed: 9948930729681797639

193 Leszczynek the Slasher (level 6, -4/46 HPs)
             Began as a Human Gladiator on Aug 27, 2021.
             Slain by a water moccasin (8 damage)
             ... on level 5 of the Dungeon.
             The game lasted 00:10:39 (1321 turns).

Leszczynek the Slasher (Human Gladiator)            Turns: 1321, Time: 00:10:39

Health: -4/46      AC:  6    Str: 16    XL:     6   Next: 3%
Magic:  6/6        EV: 11    Int:  9    God:
Gold:   104        SH:  0    Dex: 14    Spells: 5/5 levels left

rFire   . . .      SeeInvis .   a - +0 long sword (vamp)
rCold   . . .      Faith    .   (no shield)
rNeg    . . .      Spirit   .   f - +0 ring mail
rPois   .          Reflect  .   c - +0 helmet
rElec   .          Harm     .   (no cloak)
rCorr   .          Rampage  .   (no gloves)
Will    .....                   (no boots)
Stlth   +.........              (no amulet)
HPRegen 0.15/turn               (no ring)
MPRegen 0.10/turn               (no ring)

@: lethally poisoned (-4 -> -7), flying
A: no striking features
a: no special abilities


You were on level 5 of the Dungeon.
You visited 1 branch of the dungeon, and saw 7 of its levels.

You collected 104 gold pieces.

Inventory:

Hand Weapons
 a - a +0 vampiric long sword (weapon)
 b - a +0 shortbow
Missiles
 d - a throwing net (quivered)
 e - 37 sling bullets
 i - 18 arrows
 l - 4 datura-tipped darts
Armour
 c - a +0 helmet (worn)
 f - a +0 ring mail (worn)
 g - a +0 leather armour
Scrolls
 k - a scroll of enchant armour {unknown}
Potions
 h - a potion of flight


   Skills:
 + Level 2.5 Fighting
 - Level 6.0 Long Blades
 - Level 2.0 Throwing
 - Level 3.0 Dodging


You had 5 spell levels left.
You didn't know any spells.
Your spell library was empty.

Dungeon Overview and Level Annotations

Branches:
Dungeon (7/15)
 Temple: D:4-7

Altars:

Portals:
Abyss: D:5


Message History

The water moccasin poisons you!
A centaur zombie comes into view.
It was a potion of flight.
You feel very buoyant.
You fly up into the air.
You feel very sick.
The water moccasin completely misses you.
As you read the scroll labelled RAMNIA JYRA, it crumbles to dust.
It is a scroll of brand weapon.
Your +0 long sword thirsts for the lives of mortals!
a - a +0 vampiric long sword (weapon)
You feel very sick. The water moccasin bites you!
The water moccasin barely misses you.
Unknown command.
You hit the water moccasin but do no damage.
The water moccasin is moderately wounded.
You feel sick.
The water moccasin bites you but does no damage.
You barely miss the water moccasin.
The water moccasin is moderately wounded.
You feel very sick.
The water moccasin bites you but does no damage. x2
You hit the water moccasin but do no damage.
The water moccasin is moderately wounded.
You feel sick. The water moccasin barely misses you.
The centaur zombie hits you. The centaur zombie barely misses you.
You completely miss the water moccasin.
The water moccasin is moderately wounded.
You feel sick. The water moccasin bites you.
* * * LOW HITPOINT WARNING * * *
The centaur zombie hits you but does no damage.
The centaur zombie misses you. The water moccasin bites you.
* * * LOW HITPOINT WARNING * * *
You slash the water moccasin!
You feel better.
The water moccasin is severely wounded.
You feel sick. The centaur zombie hits you.
* * * LOW HITPOINT WARNING * * *
The centaur zombie kicks you but does no damage.
The water moccasin bites you!
You die...

##### .....
...... .!....
.#########......
.......Z@S......
####............
#...###.#.((...
#..# #.####.##
## #.# # §####.#
### §§#...# #.#
§K#..## #.#
§§#..####.# #.#


You could see a water moccasin and a centaur zombie.

Vanquished Creatures
  A howler monkey (D:5)
  2 hounds
  A scorpion zombie (D:5)
  An iguana (D:5)
  2 adders
  2 worms
  A dart slug (D:4)
  A bat (D:3)
  3 endoplasms
  A giant cockroach (D:1)
  A kobold (D:2)
  2 quokkas (D:4)
  5 ball pythons
  A frilled lizard (D:3)
  6 rats
30 creatures vanquished.

Notes
Turn   | Place    | Note
-------+----------+-------------------------------------------
     0 | D:1      | Leszczynek the Human Gladiator began the quest for the Orb.
     0 | D:1      | Reached XP level 1. HP: 16/16 MP: 1/1
   191 | D:2      | Reached XP level 2. HP: 22/22 MP: 2/2
   284 | D:2      | Reached skill level 4 in Long Blades
   284 | D:2      | Reached XP level 3. HP: 21/27 MP: 3/3
   329 | D:3      | Noticed a black bear
   468 | D:3      | Noticed a phantom
   659 | D:3      | HP: 5/27 [poisoned by an adder]
   826 | D:5      | Entered Level 5 of the Dungeon
   839 | D:4      | Reached XP level 4. HP: 25/33 MP: 4/4
   904 | D:4      | Reached skill level 5 in Long Blades
  1118 | D:5      | Reached XP level 5. HP: 38/38 MP: 5/5
  1234 | D:7      | Noticed an orc warrior
  1254 | D:6      | Noticed a phantom
  1266 | D:5      | Reached skill level 6 in Long Blades
  1296 | D:5      | Found a one-way gate to the infinite horrors of the Abyss.
  1296 | D:5      | Noticed a kobold brigand
  1307 | D:5      | Reached XP level 6. HP: 39/46 MP: 6/6
  1310 | D:5      | Noticed a water moccasin
  1320 | D:5      | HP: 6/46 [water moccasin (4)]
  1320 | D:5      | HP: 2/46 [water moccasin (4)]
  1321 | D:5      | Slain by a water moccasin

Illustrated notes

Levels and vault maps discovered:
D:1:      heliophobic_arrival_dark_side_of_the_moon, layout_basic,
          shapermc_ecumenical_altar_totnotflames
D:2:      layout_loops_ring, basic_altar
D:3:      layout_loops_ring, minmay_misc_feat_encased
D:4:      layout_basic, amcnicky_mini_rare_corridor_liquid
D:5:      due_chaos_kobolds, layout_rooms, overflow_temple_1_default,
          serial_shops, nicolae_shop_behind_doors
D:6:      layout_loops_ring, corexii_leaking_fountain, minmay_misc_feat_plants,
          minivault_27, uniq_maggie
D:7:      layout_rooms, minmay_temple_entry_poolview, serial_bayou,
          serial_bayou_shore_a, serial_bayou_pond_e, serial_bayou_pond_c,
          serial_bayou_pond_d, gammafunk_ghost_hive

Skill      XL: |  1  2  3  4  5 |
---------------+----------------+-----
Long Blades    | 4 5 6 |  6.0
Fighting       | |  2.5
Throwing       | |  2.0
Dodging        | |  3.0

Action                   |  1- 3 |  4- 6 || total
-------------------------+-------+-------++-------
Melee: Long sword        |    71 |    32 ||   103
 Fire: Shortbow          |       |     8 ||     8
Throw: Throwing net      |     3 |       ||     3
  Use: Scroll            |     2 |     1 ||     3
       Potion            |       |     1 ||     1
 Stab: Held in net/web   |     3 |       ||     3
Armor: Leather armour    |     5 |       ||     5
       Ring mail         |    21 |    15 ||    36
Dodge: Dodged            |    40 |    19 ||    59

Table legend: (Time is in decaauts)
 A = Elapsed time spent in this place.
 B = Non-inter-level travel time spent in this place.
 C = Inter-level travel time spent in this place.
 D = Time resting spent in this place.
 E = Time spent auto-exploring this place.
 F = Levels seen in this place.
 G = Mean time per level.
                   A        B        C        D        E       F      G
               +--------+--------+--------+--------+--------+-----+--------+
         Total |   1355 |   1351 |      4 |      0 |      0 |   7 |  193.6 |
       Dungeon |   1355 |   1351 |      4 |      0 |      0 |   7 |  193.6 |
               +--------+--------+--------+--------+--------+-----+--------+

Top non-repeatable levels by time:
     D:3: 493 daAuts
     D:4: 294 daAuts
     D:2: 183 daAuts
     D:1: 151 daAuts
     D:5: 149 daAuts
     D:6: 81 daAuts
     D:7: 1 daAuts
